 Dungeon Crawl Stone Soup version 0.28-a0-1518-gbe868bca14 (webtiles) character file.

Game seed: 15177580396789851012

9 knot the Chopper (level 2, 21/24 HPs)
             Began as a Demonspawn Berserker on Jan 17, 2022.
             Was a Follower of Trog.
             Quit the game on level 1 of the Dungeon.
             The game lasted 00:00:16 (346 turns).

knot the Chopper (Demonspawn Berserker)              Turns: 346, Time: 00:00:17

Health: 21/24      AC:  2    Str: 17    XL:     2   Next: 3%
Magic:  2/2        EV: 12    Int:  8    God:    Trog [*.....]
Gold:   0          SH:  0    Dex: 12    Spells: 1/1 levels left

rFire   . . .      SeeInvis .   a - +0 hand axe
rCold   . . .      Faith    .   (no shield)
rNeg    . . .      Spirit   .   b - +0 animal skin
rPois   .          Reflect  .   (no helmet)
rElec   .          Harm     .   (no cloak)
rCorr   .          Rampage  .   (no gloves)
Will    .....                   (no boots)
Stlth   +.........              (no amulet)
HPRegen 0.08/turn               (no ring)
MPRegen 0.08/turn               (no ring)

@: no status effects
A: foul stench 1
a: Renounce Religion, Berserk


You were on level 1 of the Dungeon.
You worshipped Trog.
Trog was aware of your devotion.
You visited 1 branch of the dungeon, and saw 1 of its levels.

Inventory:

Hand Weapons
 a - a +0 hand axe (weapon)
Missiles
 c - 2 poisoned darts (quivered)
Armour
 b - a +0 animal skin (worn)
Scrolls
 d - a scroll of teleportation {unknown}
 e - a scroll of identify {unknown}
Potions
 f - a potion of might {unknown}


   Skills:
 - Level 3.0 Fighting
 + Level 3.2 Axes
 - Level 1.7 Armour
 - Level 1.7 Dodging


You had one spell level left.
You didn't know any spells.
Your spell library was empty.

Dungeon Overview and Level Annotations

Branches:
Dungeon (1/15)

Altars:


Innate Abilities, Weirdness & Mutations

You may rarely emit foul miasma when damaged in melee.


Message History

Items here: )) ††.
No target in view!
Found a stone staircase leading down.
No target in view!
f - a blue potion No target in view!
There is a stone staircase leading down here.
An endoplasm comes into view.
The helpless endoplasm fails to defend itself.
You hit the endoplasm.
You punch the endoplasm, but do no damage.
The endoplasm is lightly wounded.
The endoplasm freezes you.
You are frozen.
You hit the endoplasm.
The endoplasm is severely wounded.
The endoplasm barely misses you. The endoplasm hits you.
You hit the endoplasm.
You kill the endoplasm!
Trog accepts your kill.
No target in view!
No target in view!
A ball python comes into view.
A ball python is nearby!
A goblin comes into view. It is wielding a +0 club.
There are monsters nearby!
Found a book of Alchemy.
You barely miss the goblin. The goblin hits you with a +0 club.
The ball python bites you but does no damage.
The ball python misses you.
You hit the goblin.
You kill the goblin!
Trog accepts your kill.
You hit the ball python.
You kill the ball python!
Trog accepts your kill.
You have reached level 2!
Your demonic ancestry asserts itself...
You begin to emit a foul stench of rot and decay.
Are you sure you want to abandon this character and quit the game? (Confirm with "yes".)

#...........#
#.......#
#.#.#########
#.......+ # ....#
#.......##+#.#
#...#
##...........#
#...#
###.........#
..###
########.........#
..#
#................#
..#
#...............##
..#
#....)@.....#####
#.# #...$^†.....#
#...........#
#...........#
#...........#
#...........#
#.....:.....#
#############


There were no monsters in sight!

Vanquished Creatures
  2 bats (D:1)
  An endoplasm (D:1)
  A ball python (D:1)
  A frilled lizard (D:1)
  2 goblins (D:1)
  A kobold (D:1)
  A rat (D:1)
9 creatures vanquished.

Notes
Turn   | Place    | Note
-------+----------+-------------------------------------------
     0 | D:1      | knot the Demonspawn Berserker began the quest for the Orb.
     0 | D:1      | Reached XP level 1. HP: 18/18 MP: 1/1
   346 | D:1      | Gained mutation: You may rarely emit foul miasma when
                  | damaged in melee. [demonic ancestry]
   346 | D:1      | Reached XP level 2. HP: 21/24 MP: 2/2
   346 | D:1      | Quit the game

Illustrated notes

Levels and vault maps discovered:
D:1:      saegor_arrival_under_anarchy, layout_basic

Skill      XL: |  1 |
---------------+----+-----
Axes           | 3 |  3.2
Fighting       | |  3.0
Armour         | |  1.7
Dodging        | |  1.7

Action                   || total
-------------------------++-------
Melee: Hand axe          ||    18
       Punch             ||     1
 Stab: Sleeping          ||     1
Armor: Animal skin       ||     6
Dodge: Dodged            ||    12

Table legend: (Time is in decaauts)
 A = Elapsed time spent in this place.
 B = Non-inter-level travel time spent in this place.
 C = Inter-level travel time spent in this place.
 D = Time resting spent in this place.
 E = Time spent auto-exploring this place.
 F = Levels seen in this place.
 G = Mean time per level.
                   A        B        C        D        E       F      G
               +--------+--------+--------+--------+--------+-----+--------+
         Total |    349 |    349 |      0 |      0 |    298 |   1 |  349.0 |
       Dungeon |    349 |    349 |      0 |      0 |    298 |   1 |  349.0 |
               +--------+--------+--------+--------+--------+-----+--------+

Top non-repeatable levels by time:
     D:1: 349 daAuts
